 Dungeon Sprint DCSS version 0.21.1-1-g345015f (webtiles) character file.

632 sankara the Basher (level 7, -2/63 HPs)
             Began as a Demonspawn Berserker on Apr 3, 2018.
             Was a Believer of Trog.
             Succumbed to Sonja's curare-tipped needle
             ... in the Dungeon (Sprint I: "Red Sonja").
             The game lasted 00:03:55 (431 turns).

sankara the Basher (Demonspawn Berserker)            Turns: 431, Time: 00:03:55

Health: -2/63      AC:  9    Str: 18    XL:     7   Next: 24%
Magic:  7/7        EV: 10    Int:  8    God:    Trog [**....]
Gold:   408        SH:  0    Dex: 14    Spells: 6/6 levels left

rFire    . . .     SeeInvis .   a - +0 mace
rCold    . . .     Gourm    .   (no shield)
rNeg     . . .     Faith    .   k - +0 chain mail
rPois    .         Spirit   .   (no helmet)
rElec    .         Reflect  .   (no cloak)
rCorr    .         Harm     .   (no gloves)
MR       ++...     NoTele   +   (no boots)
Stlth    ..........             (no amulet)
HPRegen  1.20/turn              (no ring)
MPRegen  0.10/turn              (no ring)

@: lethally poisoned (-2 -> -14), berserk cooldown, regenerating, slowed, very
slow
A: claws 2, powered by pain 2
a: Berserk, Trog's Hand, Burn Spellbooks, Renounce Religion


You were in the Dungeon.
You worshipped Trog.
Trog was pleased with you.
You were not hungry.

You visited 1 branch You collected 408 gold pieces.

Inventory:

Hand Weapons
 a - a +0 mace (weapon)
Armour
 k - a +0 chain mail (worn)
   (You took it off Ijyb in the Dungeon)
Wands
 j - a wand of polymorph (13)
   (You took it off Ijyb in the Dungeon)
Scrolls
 i - a scroll of blinking {!r}
Potions
 b - a potion of brilliance {unknown}
 d - a potion of curing
 e - a potion of heal wounds
 f - a potion of haste
 g - 2 potions of magic
 h - a potion of berserk rage {!q}
Comestibles
 c - a ration
 l - 2 chunks of flesh {@w0}


   Skills:
 + Level 8.5 Fighting
 + Level 10.2 Maces & Flails
 + Level 3.2 Armour
 + Level 7.4 Dodging


You had 6 spell levels left.
You didn't know any spells.

Dungeon Overview and Level Annotations

Branches:
Dungeon (1/1)

Altars:
Cheibriados
Dithmenos
Elyvilon
Fedhas
Gozag
Hepliaklqana
Kikubaaqudgha
Makhleb
Nemelex Xobeh
Okawaru
Qazlal
Ru
Sif Muna
Trog
Uskayaw
Vehumet
Wu Jian
Xom
Yredelemnul
Zin
The Shining One
Jiyva
Lugonu

Shops:
D %

Annotations:
D Sonja


Innate Abilities, Weirdness & Mutations

You have very sharp fingernails.
You sometimes gain power by taking damage.


Message History

You hit the yak.
The yak is almost dead.
The yak barely misses you.
You sock the yak!
You kill the yak!
Trog accepts your kill.
Your Maces & Flails skill increases to level 10!
Your Armour skill increases to level 3!
You have reached level 7!
Found an opulent altar of Gozag.
There is an open door, spattered with blood here.
You see here a yak corpse.
You butcher the yak corpse.
You feel a strong urge to attack something.
l - 4 chunks of flesh {@w0}
There is an open door, spattered with blood here.
You see here a yak skeleton.
Eating one of 4 chunks of flesh {@w0}.
You eat one of the 4 chunks of flesh {@w0}.
This raw flesh tastes terrible.
You are feeling hungry.
Eating one of 3 chunks of flesh {@w0}.
You eat one of the 3 chunks of flesh {@w0}.
This raw flesh tastes terrible.
You feel your anger nearly subside.
You are no longer berserk.
You are exhausted.
You feel yourself slow down.
Found a sparkling altar of Nemelex Xobeh.
There is an entrance to Vuoskill's Food Emporium here.
You can access your shopping list by pressing '$'.
You can access your shopping list by pressing '$'.
There is an open door, spattered with blood here.
You see here a yak skeleton.
There is an ornate altar of the Wu Jian Council here.
You open the door.
Marking area around Sonja as unsafe for travelling.
Sonja, the Graceful Assassin comes into view.
She is wielding a dagger of distortion.
Sonja shouts!
Sonja unwields an uncursed dagger of distortion.
Its appearance distorts for a moment.
Sonja wields an uncursed runed blowgun.
Sonja shoots a curare-tipped needle.
The curare-tipped needle hits you.
You are poisoned.
You have difficulty breathing.
You feel as though you will be slow longer.
Your skin crawls.
You feel resistant to hostile enchantments.
You feel somewhat more hungry.
You feel sick.
Sonja mumbles some strange words.
Sonja blinks!
Sonja shoots a curare-tipped needle.
The curare-tipped needle closely misses you.
You're still recovering from your berserk rage.
You feel sick.
Sonja shoots a curare-tipped needle.
The curare-tipped needle hits you.
You are more poisoned.
You have difficulty breathing.
You feel as though you will be slow longer.
You see here a curare-tipped needle.
You feel sick.
Sonja unwields an uncursed enchanted blowgun.
Sonja wields an uncursed dagger of distortion.
Its appearance distorts for a moment.
Sonja hits you but does no damage. Space warps horribly around you!
Sonja hits you with an uncursed dagger of distortion.
Sonja hits you but does no damage.
You feel a strange sense of stasis.
Sonja casts a spell.
Sonja blinks!
You feel sick.
Sonja unwields an uncursed dagger of distortion.
Its appearance distorts for a moment.
Sonja wields an uncursed enchanted blowgun.
Sonja shoots a curare-tipped needle.
The curare-tipped needle hits you.
You are more poisoned.
You have difficulty breathing.
* * * LOW HITPOINT WARNING * * *
You feel as though you will be slow longer.
Sonja shoots a curare-tipped needle.
The curare-tipped needle closely misses you.
You see here a curare-tipped needle.
You feel sick.
Sonja mumbles some strange words.
Sonja blinks!
Sonja shoots a curare-tipped needle.
The curare-tipped needle hits you.
You are more poisoned.
You have difficulty breathing.
* * * LOW HITPOINT WARNING * * *
You feel as though you will be slow longer.
There is an open door, spattered with blood here.
Things that are here:
a curare-tipped needle; a yak skeleton You feel very sick.
Sonja shoots a curare-tipped needle.
The curare-tipped needle misses you.
Sonja shoots a curare-tipped needle.
The curare-tipped needle hits you.
You are lethally poisoned!
You have difficulty breathing.
* * * LOW HITPOINT WARNING * * *
You feel as though you will be slow longer.
You see here 2 curare-tipped needles.
Which direction?
You close the door, pushing everything out of the way.
You die...

######################
#<.#..)..#..'..#__#..+
#..[..#..').#..'..'..#
#..#####'#####'#__####
#..####..#...#.####
#..#__####..##.#
#..#___K_##'#_.+
#⌠⌠#_.∩...+@.(_#
####_..__##_(#+#
#_____###(# #######
#.# $.$ $.$# ##.## #+#


There were no monsters in sight!

Vanquished Creatures
  A slime creature (D)
  Sigmund (D)
  A yak (D)
  An ogre (D)
  A jelly (D)
  Ijyb (D)
6 creatures vanquished.

Notes
Turn   | Place    | Note
-------+----------+-------------------------------------------
     0 | D        | sankara the Demonspawn Berserker began the quest for the Orb.
     0 | D        | Reached XP level 1. HP: 18/18 MP: 1/1
     1 | D        | Noticed Ijyb
    13 | D        | Killed Ijyb
    13 | D        | Reached skill level 4 in Fighting
    13 | D        | Reached skill level 4 in Maces & Flails
    13 | D        | Reached skill level 3 in Dodging
    13 | D        | Gained mutation: You sometimes gain a little power by taking damage. [demonic ancestry]
    13 | D        | Reached XP level 2. HP: 25/25 MP: 2/2
    59 | D        | Noticed an ogre
    63 | D        | Killed an ogre
    63 | D        | Reached skill level 5 in Fighting
    63 | D        | Reached skill level 6 in Maces & Flails
    63 | D        | Reached skill level 4 in Dodging
    63 | D        | Gained mutation: You have sharp fingernails. [demonic ancestry]
    63 | D        | Reached XP level 3. HP: 33/33 MP: 3/3
    63 | D        | Reached XP level 4. HP: 39/39 MP: 4/4
   110 | D        | Noticed Sigmund
   120 | D        | Killed Sigmund
   120 | D        | Reached ** piety under Trog
   120 | D        | Reached skill level 6 in Fighting
   120 | D        | Reached skill level 8 in Maces & Flails
   120 | D        | Reached skill level 5 in Dodging
   120 | D        | Gained mutation: You sometimes gain power by taking damage. [demonic ancestry]
   120 | D        | Reached XP level 5. HP: 47/47 MP: 5/5
   120 | D        | Gained mutation: You have very sharp fingernails. [demonic ancestry]
   120 | D        | Reached XP level 6. HP: 53/53 MP: 6/6
   176 | D        | Found a burning altar of Makhleb.
   176 | D        | Found a viscous altar of Jiyva.
   176 | D        | Found a shimmering altar of Xom.
   176 | D        | Found a corrupted altar of Lugonu.
   176 | D        | Noticed a slime creature
   186 | D        | Killed a slime creature
   186 | D        | Reached skill level 7 in Fighting
   186 | D        | Reached skill level 9 in Maces & Flails
   186 | D        | Reached skill level 6 in Dodging
   335 | D        | Found an ornate altar of the Wu Jian Council.
   335 | D        | Found a deep blue altar of Sif Muna.
   337 | D        | Found a radiant altar of Vehumet.
   342 | D        | Reached skill level 8 in Fighting
   342 | D        | Reached skill level 2 in Armour
   342 | D        | Reached skill level 7 in Dodging
   395 | D        | Found Vuoskill's Food Emporium.
   395 | D        | Found an ancient bone altar of Kikubaaqudgha.
   395 | D        | Found a hazy altar of Hepliaklqana.
   395 | D        | Found a stormy altar of Qazlal.
   395 | D        | Found a hide-covered altar of Uskayaw.
   395 | D        | Found a blossoming altar of Fedhas.
   395 | D        | Found a bloodstained altar of Trog.
   395 | D        | Found an iron altar of Okawaru.
   395 | D        | Found a basalt altar of Yredelemnul.
   395 | D        | Found a glowing golden altar of the Shining One.
   395 | D        | Found a snail-covered altar of Cheibriados.
   395 | D        | Found a sacrificial altar of Ru.
   395 | D        | Found a glowing silver altar of Zin.
   395 | D        | Found a shadowy altar of Dithmenos.
   395 | D        | Found a white marble altar of Elyvilon.
   395 | D        | Noticed a yak
   405 | D        | Killed a yak
   405 | D        | Reached *** piety under Trog
   405 | D        | Reached skill level 10 in Maces & Flails
   405 | D        | Reached skill level 3 in Armour
   405 | D        | Reached XP level 7. HP: 63/63 MP: 7/7
   406 | D        | Found an opulent altar of Gozag.
   411 | D        | Found a sparkling altar of Nemelex Xobeh.
   424 | D        | Noticed Sonja
   429 | D        | HP: 12/63 [asphyx]
   430 | D        | HP: 1/63 [asphyx]
   431 | D        | Succumbed to Sonja's curare-tipped needle

Skill      XL: |  1  2  3  4  5  6 |
---------------+-------------------+-----
Fighting       | 4 5 6 8 |  8.5
Maces & Flails | 4 6 8 10 | 10.2
Dodging        | 3 4 5 7 |  7.4
Armour         | 3 |  3.2

Action                   |  1- 3 |  4- 6 |  7- 9 || total
-------------------------+-------+-------+-------++-------
Melee: Mace              |    13 |    29 |       ||    42
       Unarmed           |     1 |       |       ||     1
Invok: Berserk           |     2 |     4 |       ||     6
       Trog's Hand       |       |       |     1 ||     1
  Eat: Chunk             |       |     2 |     2 ||     4
Armor: Chain mail        |       |     4 |     2 ||     6
Dodge: Dodged            |     7 |     8 |     3 ||    18

Vault maps used:
D:        dungeon_sprint_1

Table legend:
 A = Turns spent in this place as a percentage of turns spent in the entire game.
 B = Non-inter-level travel turns spent in this place as a percentage of non-inter-level travel turns spent in the entire game.
 C = Inter-level travel turns spent in this place as a percentage of turns spent in this place.
 D = Turns resting spent in this place as a percentage of non-inter-level travel turns spent in this place.
 E = Turns spent auto-exploring this place as a percentage of non-inter-level travel turns spent in this place.
 F = Non-inter-level travel turns spent in this place divided by the number of levels of this place that you've seen.
                   A       B       C       D       E      F
               +-------+-------+-------+-------+-------+----------------------
         Total | 100.0 | 100.0 |   0.0 |  57.1 |   0.0 | 431.0
       Dungeon | 100.0 | 100.0 |   0.0 |  57.1 |   0.0 | 431.0
               +-------+-------+-------+-------+-------+----------------------

Table legend:
 A = Kills in this place as a percentage of kills in entire the game.
 B = Kills by you in this place as a percentage of kills by you in the entire game.
 C = Kills by friends in this place as a percentage of kills by friends in the entire game.
 D = Other kills in this place as a percentage of other kills in the entire game.
 E = Experience gained in this place as a percentage of experience gained in the entire game.
 F = Experience gained in this place divided by the number of levels of this place that you have seen.
                   A       B       C       D       E      F
               +-------+-------+-------+-------+-------+----------------------
         Total | 100.0 | 100.0 |   N/A |   N/A | 100.0 | 904.0
       Dungeon | 100.0 | 100.0 |   N/A |   N/A | 100.0 | 904.0
               +-------+-------+-------+-------+-------+----------------------
